 Dungeon Crawl Stone Soup version 0.24-a0-474-g47c397e050 (webtiles) character file.

Game seed: 15554082881393627879

74 Mithandil the Conjurer (level 4, -8/24 HPs)
             Began as a Deep Elf Conjurer on July 5, 2019.
             Mangled by an orc
             ... wielding a +0 trident
              (12 damage)
             ... on level 3 of the Dungeon.
             The game lasted 00:10:53 (2109 turns).

Mithandil the Conjurer (Deep Elf Conjurer)          Turns: 2109, Time: 00:10:54

Health: -8/24      AC:  2    Str:  5    XL:     4   Next: 10%
Magic:  5/12       EV: 13    Int: 21    God:
Gold:   80         SH:  0    Dex: 15    Spells: 0/11 levels left

rFire    . . .     SeeInvis .   f - +1 short sword (holy)
rCold    . . .     Gourm    .   (no shield)
rNeg     . . .     Faith    .   a - +0 robe
rPois    .         Spirit   .   (no helmet)
rElec    .         Reflect  .   (no cloak)
rCorr    .         Harm     .   (no gloves)
MR       .....                  (no boots)
Stlth    ++........             (no amulet)
HPRegen  0.08/turn              (no ring)
MPRegen  0.13/turn              (no ring)

@: no status effects
A: no striking features
a: no special abilities


You were on level 3 of the Dungeon.
You were not hungry.

You visited 1 branch of the dungeon, and saw 3 of its levels.

You collected 80 gold pieces.

Inventory:

Hand Weapons
 f - a +1 short sword of holy wrath (weapon)
Missiles
 b - 83 stones (quivered)
 g - 14 arrows
Armour
 a - a +0 robe (worn)
Scrolls
 c - a scroll of noise {unknown}
 d - a scroll of remove curse {unknown}
 e - a scroll of enchant armour {unknown}
 h - 2 scrolls of identify {unknown}
 i - a scroll of amnesia {unknown}
 j - a scroll of magic mapping {unknown}
Potions
 l - a potion of curing {unknown}
Comestibles
 k - 2 rations


   Skills:
 + Level 1.1 Short Blades
 + Level 3.1 Dodging
 + Level 3.0 Stealth
 * Level 4.0 Spellcasting
 * Level 5.0 Conjurations


You couldn't memorise any spells.
You knew the following spells:

 Your Spells              Type           Power        Failure   Level  Hunger
a - Magic Dart            Conj           ####         1%          1    None
b - Searing Ray           Conj           ####..       2%          2    #......
c - Force Lance           Conj/Tloc      ##......     38%         4    ####...
d - Iskenderun's Mystic   Conj           ####....     16%         4    ####...

Your spell library contained the following spells:

 Spells                   Type           Power        Failure   Level  Hunger
 Dazzling Spray           Conj/Hex       ##....       13%         3    ###....
 Fulminant Prism          Conj/Hex       ##........   38%         4    ####...


Dungeon Overview and Level Annotations

Branches:
Dungeon (3/15)

Altars:
Fedhas
Ru


Message History

Confirm with . or Enter, or press ? or * to list all spells.
Aiming: Magic Dart (safe; 1% risk of failure)
Press: ? - help, Shift-Dir - straight line, f/p - orc
Aim: an orc, wielding a +0 short sword and wearing a cursed +0 ring mail (moderately wounded)
The magic dart hits the orc.
The orc is almost dead.
The orc misses you. The orc hits you with a +0 short sword.
* * * LOW HITPOINT WARNING * * *
Sorry, you're not good enough to have a special ability.
Casting: Magic Dart (safe; 1% risk of failure)
Confirm with . or Enter, or press ? or * to list all spells.
Aiming: Magic Dart (safe; 1% risk of failure)
Press: ? - help, Shift-Dir - straight line, f/p - orc
Aim: an orc, wielding a +0 short sword and wearing a cursed +0 ring mail (almost dead)
The magic dart hits the orc.
You kill the orc!
Your Conjurations skill increases to level 5!
The orc hits you from afar with a +0 trident!
Ouch! That really hurt!
You die...

.. #.# . ... #.# ### .b
##.## ..##≈≈.
####...######.#.≈≈≈≈≈≈≈..
+.......÷.....≈≈≈≈≈≈≈≈#≈#
####.....##.#≈≈≈w≈≈≈≈≈≈#≈
#...#.###.≈≈≈≈≈≈≈≈≈≈≈≈
#####.###≈≈≈#≈≈≈≈≈≈≈≈≈
#@##≈≈≈≈.#≈≈≈≈≈≈≈≈
#.ho≈†#.≈##?..≈.$.
#.#..≈≈..$!)<..o..
#.##≈≈≈.8≈≈...≈≈.≈
#.##≈≈≈≈#≈≈≈≈≈≈≈≈≈
#.###†≈≈≈≈≈≈≈≈≈≈≈#
#.....≈≈≈≈≈hb≈≈≈≈#
..#$.#≈≈≈≈≈≈≈≈≈≈≈≈
###.###≈≈#≈≈≈≈#≈≈≈


You could see an orc and a jackal.

Vanquished Creatures
  2 adders
  2 oozes (D:1)
  5 dart slugs
  2 leopard geckos
  2 orcs (D:3)
  2 ball pythons (D:1)
  2 hobgoblins (D:1)
  4 jackals (D:2)
  6 bats
  A frilled lizard (D:2)
  A goblin (D:1)
  3 kobolds
  4 rats
36 creatures vanquished.

Notes
Turn   | Place    | Note
-------+----------+-------------------------------------------
     0 | D:1      | Mithandil the Deep Elf Conjurer began the quest for the
                  | Orb.
     0 | D:1      | Reached XP level 1. HP: 10/10 MP: 6/6
   295 | D:1      | Reached XP level 2. HP: 15/15 MP: 4/8
   299 | D:1      | Learned a level 2 spell: Searing Ray
   640 | D:1      | Reached XP level 3. HP: 17/19 MP: 7/10
  1136 | D:2      | Found a sacrificial altar of Ru.
  1358 | D:2      | Reached skill level 1 in Short Blades
  1402 | D:2      | Found a blossoming altar of Fedhas.
  2035 | D:3      | Reached XP level 4. HP: 21/24 MP: 4/12
  2041 | D:3      | Learned a level 4 spell: Force Lance
  2046 | D:3      | Learned a level 4 spell: Iskenderun's Mystic Blast
  2109 | D:3      | Reached skill level 5 in Conjurations
  2109 | D:3      | Mangled by an orc

Levels and vault maps discovered:
D:1:      dpeg_arrival_three_same_balls, layout_loops_ring
D:2:      layout_basic, fedhas_altar_fruit_tree, nicolae_ru_awakened_eye
D:3:      kennysheep_slugbush, layout_loops_corners,
          nicolae_overflow_hidden_temple, first_ration

Skill      XL: |  1  2  3  4 |
---------------+-------------+-----
Short Blades   | 1 |  1.1
Dodging        | 3 |  3.1
Stealth        | 3 |  3.0
Spellcasting   | 4 |  4.0
Conjurations   | 5 |  5.0

Action                   |  1- 3 |  4- 6 || total
-------------------------+-------+-------++-------
Melee: Short sword       |     7 |     1 ||     8
 Cast: Magic Dart        |    77 |     9 ||    86
  Eat: Ration            |     1 |       ||     1
Armor: Robe              |     2 |       ||     2
Dodge: Dodged            |     8 |     4 ||    12

Table legend:
 A = Non-vault XP
 B = Vault XP
 C = Vault XP percentage of total XP
 D = Non-vault monster count
 E = Vault monster count
 F = Vault count percentage of total count
                 A         B        C        D         E       F
            +---------+---------+-------+---------+---------+-------
      Total |      95 |      12 |  11.2 |      33 |       3 |   8.3
            +---------+---------+-------+---------+---------+-------
        D:1 |      41 |       0 |   0.0 |      17 |       0 |   0.0
        D:2 |      30 |       0 |   0.0 |      10 |       0 |   0.0
        D:3 |      24 |      12 |  33.3 |       6 |       3 |  33.3
            +---------+---------+-------+---------+---------+-------
